Map: Troizinia LE

Players

Melyntje - Winner!

  • Race: Protoss Protoss
  • League: Bronze
  • Spawn Location: 12:00

Sherman - Winner!

  • Race: Protoss Protoss
  • Spawn Location: 11:00

sargonlol - Winner!

  • Race: Protoss Protoss
  • Spawn Location: 11:00

thrilos - Winner!

  • Race: Terran Terran
  • Spawn Location: 9:00

muyar

  • Race: Terran Terran
  • Spawn Location: 5:00

ImpriG

  • Race: Protoss Protoss
  • League: Silver
  • Spawn Location: 3:00

MooEsqoo

  • Race: Protoss Protoss
  • Spawn Location: 6:00

KuzuPirzola

  • Race: Protoss Protoss
  • Spawn Location: 5:00

VOD

Have the link to the VOD?

Description

Time

  • Played on: Nov. 13, 2019, 1:05 p.m.
  • Length: 13:49
Show
View Real Time Build Order
Export as new Build Order

Melyntje Protoss - Winner!

Build Orders:  

Get SALT Encoding   

  12  0:03  Probe  
  13  0:26  Pylon  
  13  0:32  Assimilator  
  13  0:35  Probe  
  14  0:47  Probe  
  15  0:58  Gateway  
  15  0:59  Probe  
  16  1:11  Probe  
  17  1:18  Pylon  
  17  1:23  Probe  
  18  1:34  Assimilator  
  18  1:35  Probe  
  19  1:47  Probe, Cybernetics Core  
  20  1:55  Gateway  
  20  1:59  Gateway, Probe  
  21  2:05  Pylon  
  21  2:11  Probe  
  22  2:23  Probe  
  23  2:35  Twilight Council  
  23  2:49  Warp Gate  
  23  2:57  Stalker x2  
  23  2:58  Stalker  
  29  3:09  Pylon  
  29  3:15  Charge  
  29  4:02  Templar Archives, Nexus  
  29  4:21  Dark Shrine  
  29  4:28  Forge  
  29  4:44  Stalker x3  
  35  5:04  Protoss Ground Weapons Level 1  
  35  5:18  Blink  
  35  5:26  Stalker  
  35  5:27  Stalker  
  39  5:54  Dark Templar  
  41  6:11  Assimilator  
  41  6:13  Probe  
  41  6:15  Assimilator  
  41  6:17  Pylon  
  42  6:22  Pylon  
  42  6:26  Probe  
  41  6:38  Probe  
  40  6:50  Probe  
  41  7:02  Probe  
  40  7:14  Probe  
  41  7:26  Probe  
  42  7:38  Probe  
  41  8:27  Dark Templar x3  
  47  8:42  Pylon  
  47  8:43  Pylon  
  47  8:45  Protoss Ground Weapons Level 2 (Chrono Boost)  
  47  8:46  Pylon  
  47  9:01  Dark Templar x3  
  53  9:19  Probe  
  54  9:31  Probe  
  55  9:43  Probe  
  56  9:55  Probe  
  56  9:57  Dark Templar x2  
  56  9:58  Dark Templar  
  63  10:07  Probe  
  64  10:32  Probe  
  59  10:44  Probe  
  60  10:51  Gateway  
  60  10:54  Gateway  
  60  10:56  Gateway, Probe  
  61  10:58  Gateway  
  61  10:59  Gateway  
  61  11:08  Probe  
  62  11:20  Probe  
  63  11:29  Dark Templar  
  63  11:30  Dark Templar x2  
  69  12:28  Dark Templar  
  69  12:29  Dark Templar x5  
  81  12:30  Dark Templar x2  
Show
View Real Time Build Order
Export as new Build Order

Sherman Protoss - Winner!

Build Orders: Cannon Rush 

Get SALT Encoding   

  12  0:23  Pylon  
  12  0:25  Probe  
  13  0:37  Probe  
  13  0:41  Forge  
  14  0:49  Probe  
  15  0:59  Pylon  
  15  1:01  Probe  
  16  1:13  Probe  
  17  1:19  Photon Cannon  
  17  1:24  Photon Cannon  
  17  1:40  Photon Cannon  
  17  1:44  Pylon  
  17  2:06  Photon Cannon  
  17  2:08  Photon Cannon  
  17  2:10  Photon Cannon  
  17  2:23  Photon Cannon  
  17  2:28  Pylon  
  17  2:33  Pylon  
  17  2:49  Photon Cannon  
  17  2:54  Photon Cannon  
  17  3:04  Photon Cannon  
  17  3:15  Photon Cannon  
  17  3:22  Photon Cannon  
  17  3:36  Photon Cannon  
  17  3:46  Photon Cannon  
  17  4:16  Pylon  
  17  4:44  Pylon  
  17  4:54  Assimilator  
  17  4:58  Assimilator, Nexus  
  17  5:10  Pylon  
  17  5:22  Gateway  
  17  5:25  Photon Cannon  
  17  5:27  Photon Cannon  
  17  5:55  Probe (Chrono Boost)  
  19  6:05  Probe (Chrono Boost)  
  19  6:10  Probe (Chrono Boost), Cybernetics Core  
  19  6:15  Pylon  
  19  6:17  Assimilator  
  19  6:18  Probe  
  21  6:23  Assimilator  
  21  6:27  Pylon  
  21  6:30  Probe  
  22  6:37  Pylon  
  22  6:42  Probe  
  23  6:50  Shield Battery  
  23  6:52  Shield Battery  
  23  6:54  Probe  
  23  6:55  Shield Battery  
  24  7:01  Shield Battery  
  24  7:06  Probe  
  25  7:11  Probe (Chrono Boost)  
  26  7:21  Probe (Chrono Boost)  
  27  7:24  Probe (Chrono Boost)  
  29  7:30  Photon Cannon  
  29  7:31  Probe (Chrono Boost)  
  29  7:32  Probe (Chrono Boost)  
  29  7:36  Probe (Chrono Boost)  
  31  7:49  Cybernetics Core  
  32  7:53  Probe (Chrono Boost)  
  32  7:54  Stargate  
  32  7:59  Probe (Chrono Boost)  
  32  8:04  Stargate  
  33  8:11  Probe (Chrono Boost)  
  34  8:18  Stargate  
  35  8:20  Probe (Chrono Boost)  
  35  8:32  Probe (Chrono Boost)  
  36  8:41  Stargate  
  36  8:43  Probe (Chrono Boost)  
  36  8:48  Probe (Chrono Boost)  
  38  8:58  Nexus  
  38  9:03  Pylon  
  38  9:07  Pylon  
  38  9:11  Pylon  
  38  9:14  Assimilator  
  38  9:18  Assimilator  
  38  9:24  Stargate  
  38  9:28  Pylon  
  38  9:34  Photon Cannon  
  38  9:48  Protoss Air Weapons Level 1  
  38  9:49  Protoss Air Armor Level 1  
  38  9:51  Photon Cannon  
  38  9:54  Photon Cannon  
  39  10:15  Probe (Chrono Boost)  
  39  10:23  Void Ray  
  39  10:25  Void Ray  
  48  10:30  Probe (Chrono Boost)  
  48  10:37  Probe (Chrono Boost)  
  48  10:40  Pylon  
  49  10:49  Void Ray  
  53  10:54  Probe  
  54  11:06  Probe  
  55  11:18  Probe  
  56  12:08  Probe  
  57  12:12  Void Ray x4  
  57  12:13  Void Ray  
  77  12:20  Probe  
  78  12:26  Fleet Beacon  
  78  12:32  Probe (Chrono Boost)  
  80  12:44  Probe (Chrono Boost)  
  80  12:50  Probe (Chrono Boost)  
  81  12:55  Void Ray x2  
  81  12:57  Photon Cannon  
Show
View Real Time Build Order
Export as new Build Order

sargonlol Protoss - Winner!

Build Orders:  

Get SALT Encoding   

  12  0:03  Probe  
  13  0:31  Pylon  
  13  0:39  Probe  
  14  0:44  Pylon  
  14  0:46  Assimilator  
  14  0:51  Probe  
  15  1:03  Probe  
  16  1:15  Probe  
  17  1:19  Pylon  
  17  1:22  Pylon  
  17  1:26  Gateway  
  17  1:27  Probe  
  19  1:40  Probe  
  19  1:52  Probe  
  20  2:03  Forge  
  20  2:04  Probe  
  23  2:15  Zealot  
  23  2:16  Probe  
  24  2:28  Probe  
  24  2:29  Assimilator  
  25  2:40  Probe  
  25  2:42  Zealot  
  28  2:45  Photon Cannon  
  28  2:52  Probe  
  29  3:01  Pylon  
  29  3:04  Probe  
  30  3:06  Cybernetics Core  
  30  3:09  Zealot  
  30  3:11  Pylon  
  32  3:16  Probe  
  33  3:47  Stargate  
  33  3:51  Robotics Facility  
  33  3:54  Twilight Council  
  33  3:58  Pylon  
  33  4:03  Nexus  
  33  4:08  Assimilator  
  33  4:12  Assimilator  
  33  4:15  Pylon  
  33  4:18  Pylon  
  33  4:27  Shield Battery  
  33  4:28  Shield Battery  
  33  4:30  Photon Cannon  
  33  4:49  Void Ray  
  33  4:52  Stargate  
  37  5:04  Stargate  
  37  5:09  Probe  
  38  5:21  Probe  
  39  5:29  Stargate  
  39  5:33  Probe  
  40  5:46  Void Ray  
  44  5:54  Void Ray  
  48  6:05  Probe  
  48  6:10  Probe  
  50  6:17  Probe  
  51  6:22  Void Ray, Probe  
  56  6:29  Probe  
  57  6:33  Protoss Shields Level 1, Stargate  
  57  6:34  Probe  
  58  6:41  Probe  
  58  6:46  Probe  
  60  6:49  Robotics Bay  
  60  6:53  Probe  
  61  6:59  Probe  
  62  7:07  Fleet Beacon  
  62  7:14  Probe  
  63  7:27  Void Ray, Probe  
  68  7:31  Void Ray  
  72  7:39  Probe  
  72  7:43  Void Ray  
  77  8:01  Void Ray  
  77  8:04  Assimilator  
  81  8:08  Assimilator  
  81  8:10  Pylon  
  81  8:14  Pylon  
  81  8:19  Void Ray  
  85  8:25  Void Ray  
  89  8:38  Nexus  
  89  8:54  Void Ray  
  93  8:58  Void Ray  
  97  9:15  Void Ray  
  101  9:23  Void Ray  
  105  9:35  Probe  
  106  9:39  Probe  
  107  9:47  Probe  
  107  9:51  Probe  
  109  9:59  Probe  
  110  10:04  Probe  
  111  10:11  Probe  
  112  10:16  Void Ray x2, Probe  
  112  10:17  Pylon  
  121  10:23  Probe  
  121  10:26  Void Ray  
  121  10:28  Probe  
  127  10:34  Probe  
  128  10:46  Probe x2  
  130  10:50  Pylon  
  130  10:51  Void Ray  
  130  10:56  Pylon  
  134  10:58  Probe  
  134  10:59  Pylon  
  134  11:01  Pylon  
  135  11:04  Pylon  
  135  11:07  Pylon  
  135  11:08  Pylon  
  135  11:10  Probe  
  136  11:18  Void Ray  
  136  11:21  Void Ray  
  136  11:22  Probe  
  145  11:43  Void Ray x2  
  153  12:01  Void Ray  
  153  12:04  Void Ray  
  161  12:10  Pylon  
  161  12:13  Pylon  
  161  12:16  Pylon  
  165  12:30  Void Ray  
  169  12:52  Phoenix x2  
  173  13:01  Phoenix  
  171  13:13  Phoenix  
  171  13:17  Phoenix x2  
Show
View Real Time Build Order
Export as new Build Order

thrilos Terran - Winner!

Build Orders:  

Get SALT Encoding   

  12  0:04  SCV  
  13  0:17  SCV  
  13  0:20  Supply Depot  
  14  0:30  SCV  
  15  0:41  Refinery  
  15  0:42  SCV  
  16  0:47  Barracks  
  16  0:55  SCV  
  17  1:07  SCV  
  18  1:19  SCV  
  19  1:31  SCV  
  20  1:34  Barracks Reactor  
  20  1:43  SCV  
  20  1:46  Command Center  
  21  1:56  Orbital Command  
  21  2:04  Supply Depot  
  21  2:12  Reaper x2  
  23  2:22  Refinery  
  23  2:26  SCV  
  24  2:38  SCV  
  25  2:49  Command Center  
  25  2:50  Marine x2  
  27  3:00  SCV, Barracks  
  27  3:02  SCV  
  29  3:42  Marine x2  
  29  3:43  SCV  
  29  3:44  Orbital Command  
  32  3:49  Barracks Tech Lab  
  32  3:55  SCV  
  33  4:23  Marauder, Marine x2  
  37  4:28  Orbital Command  
  37  4:31  Stimpack  
  37  4:36  SCV x2, Barracks  
  39  4:42  Factory x2  
  39  4:48  SCV  
  39  4:51  Marauder, Marine x2  
  44  4:53  SCV  
  44  4:54  SCV  
  46  5:00  SCV  
  46  5:05  SCV  
  46  5:06  SCV  
  49  5:19  SCV  
  49  5:20  SCV, Marauder, Marine x2  
  55  5:28  Factory Tech Lab  
  55  5:29  Factory Tech Lab  
  55  5:34  SCV  
  55  5:35  Starport  
  56  5:36  Starport  
  56  5:37  Refinery  
  56  5:41  Refinery  
  56  5:45  SCV x2  
  56  5:46  SCV  
  56  5:49  Refinery  
  59  5:52  Barracks Reactor  
  59  5:53  Refinery  
  59  5:55  Siege Tank  
  60  5:57  SCV  
  60  6:00  SCV, Siege Tank  
  60  6:02  SCV  
  60  6:03  Supply Depot  
  66  6:14  Fusion Core  
  66  6:16  Starport Tech Lab  
  66  6:17  Starport Tech Lab  
  66  6:21  Combat Shield  
  66  6:22  SCV  
  66  6:23  SCV x2, Command Center  
  69  6:34  Supply Depot  
  69  6:36  SCV x3  
  69  6:37  Marine x3  
  69  6:38  Marine x2  
  77  6:49  Supply Depot  
  77  6:51  Supply Depot  
  77  6:56  Siege Tank x2  
  77  6:58  Medivac  
  85  7:11  Marine x5  
  85  7:14  Supply Depot  
  90  7:19  Weapon Refit  
  90  7:28  Siege Tank x2  
  90  7:29  SCV x2  
  98  7:35  Battlecruiser  
  98  7:36  Orbital Command  
  104  7:49  Battlecruiser  
  110  7:55  Starport  
  110  7:59  Barracks Reactor  
  110  8:00  Refinery  
  110  8:01  SCV  
  110  8:02  SCV  
  110  8:05  Marine x4  
  114  8:07  Supply Depot  
  116  8:23  Marine  
  117  8:33  Battlecruiser  
  123  8:35  Supply Depot  
  123  8:37  Command Center  
  123  8:38  Siege Tank  
  123  8:39  Siege Tank  
  129  8:42  Orbital Command  
  129  8:47  Battlecruiser  
  135  8:57  SCV  
  135  9:02  SCV  
  137  9:05  Marine x4  
  137  9:06  Marine, Refinery  
  137  9:08  SCV  
  137  9:09  SCV  
  144  9:16  Supply Depot  
  144  9:17  Supply Depot  
  144  9:23  Refinery  
  144  9:26  Battlecruiser  
  150  9:39  Siege Tank  
  150  9:40  Siege Tank  
  138  10:43  Battlecruiser  
  138  10:44  Battlecruiser x2  
  156  11:02  SCV x2  
  156  11:03  SCV x3  
  161  11:07  Siege Tank x2  
  167  11:22  Armory, Starport  
  167  11:23  Armory  
  167  11:25  Starport  
  167  11:26  Refinery  
  164  12:34  Starport Tech Lab  
  164  12:35  Starport Tech Lab  
  164  12:42  Orbital Command  
  164  12:48  SCV x2  
Show
View Real Time Build Order
Export as new Build Order

muyar Terran 

Build Orders: 2 Factory, Mech 

Get SALT Encoding   

  12  0:29  Refinery  
  12  0:53  Supply Depot  
  12  0:59  Supply Depot  
  12  1:10  SCV  
  13  1:16  Supply Depot  
  13  1:22  SCV  
  14  1:33  Command Center  
  14  1:47  Refinery  
  14  2:06  Barracks  
  14  2:59  Factory  
  14  3:04  Factory  
  14  3:09  Factory, Marine  
  15  3:26  SCV  
  16  3:38  SCV  
  17  3:48  Factory Tech Lab  
  17  3:49  Factory Tech Lab  
  17  3:50  SCV  
  18  3:56  Factory Tech Lab  
  18  4:02  SCV  
  18  4:11  Siege Tank  
  16  4:42  Siege Tank x2  
  16  4:43  Siege Tank  
  25  5:14  Siege Tank x2  
  31  5:21  Siege Tank  
  31  5:28  SCV  
  35  5:40  SCV  
  35  5:42  Refinery  
  36  5:49  Refinery  
  36  5:52  SCV  
  37  6:04  SCV  
  37  6:06  Orbital Command  
  38  6:16  SCV  
  39  6:27  Engineering Bay  
  39  6:29  SCV  
  40  6:41  SCV  
  41  6:53  SCV  
  42  7:05  SCV  
  43  7:17  SCV  
  38  7:58  Missile Turret  
  38  8:05  Missile Turret  
  34  8:27  Missile Turret  
  37  8:34  Siege Tank x2  
  37  8:35  Siege Tank  
  43  8:49  Missile Turret  
  43  9:06  Siege Tank x2  
  43  9:07  Siege Tank  
  43  9:08  Barracks Tech Lab, Missile Turret  
  52  9:28  Missile Turret  
  52  9:29  SCV  
  52  9:30  Missile Turret  
  53  9:41  SCV  
  54  9:48  Missile Turret  
  54  9:49  Missile Turret  
  53  9:53  SCV  
  54  10:18  Missile Turret  
  50  10:22  Missile Turret  
  14  12:15  SCV  
Show
View Real Time Build Order
Export as new Build Order

ImpriG Protoss 

Build Orders:  

Get SALT Encoding   

  12  1:00  Pylon  
  12  1:05  Pylon  
  12  1:12  Pylon  
  12  1:22  Probe  
  13  1:26  Forge  
  13  1:29  Gateway  
  13  1:34  Probe  
  14  1:47  Probe  
  15  1:59  Probe  
  15  2:00  Nexus  
  16  2:04  Assimilator  
  16  2:07  Assimilator  
  16  2:11  Probe  
  17  2:37  Probe  
  18  2:49  Probe  
  19  3:01  Probe  
  20  3:13  Probe  
  20  3:14  Pylon  
  20  3:15  Probe  
  22  3:21  Pylon  
  22  3:25  Pylon, Probe  
  24  3:27  Probe  
  24  3:35  Photon Cannon  
  24  3:37  Probe  
  24  3:39  Probe  
  26  3:51  Probe  
  27  4:03  Probe  
Show
View Real Time Build Order
Export as new Build Order

MooEsqoo Protoss 

Build Orders: 1 Gate Expand 

Get SALT Encoding   

  12  0:02  Probe  
  13  0:14  Probe  
  14  0:18  Pylon  
  14  0:30  Probe  
  15  0:41  Gateway  
  15  0:45  Probe  
  16  0:52  Assimilator  
  16  0:57  Probe  
  17  1:09  Probe  
  18  1:21  Probe  
  19  1:28  Nexus  
  19  1:33  Probe  
  20  1:41  Cybernetics Core  
  20  2:00  Probe  
  16  2:24  Forge  
  16  2:47  Shield Battery  
  16  2:49  Pylon  
  16  2:51  Pylon  
  16  2:56  Pylon  
  16  3:02  Photon Cannon  
  16  3:09  Photon Cannon  
  13  3:26  Photon Cannon  
  8  3:28  Photon Cannon  
  2  4:25  Nexus  
  2  4:28  Assimilator  
  2  4:57  Probe  
  3  5:30  Pylon  
  3  5:38  Probe  
  3  5:48  Gateway  
  3  5:50  Probe  
  4  6:02  Probe  
  5  6:14  Probe  
  6  6:26  Probe  
  7  6:35  Cybernetics Core  
  7  6:38  Gateway, Probe  
  8  6:45  Gateway  
  8  6:51  Probe  
  9  6:55  Forge  
  9  7:03  Probe  
  10  7:12  Stalker  
  10  7:15  Probe  
  13  7:18  Shield Battery  
  13  7:26  Warp Gate (Chrono Boost)  
  13  7:27  Probe  
  13  7:28  Shield Battery  
  14  7:31  Photon Cannon  
  14  7:35  Stalker x2  
  18  7:39  Probe  
  19  7:44  Stalker  
  19  7:47  Pylon  
  21  7:51  Probe  
  21  7:56  Protoss Ground Weapons Level 1 (Chrono Boost)  
  22  7:59  Assimilator  
  22  8:03  Probe  
  22  8:05  Stalker x2  
  27  8:14  Stalker  
  27  8:15  Probe  
  30  8:27  Probe  
  31  8:36  Photon Cannon  
  31  8:37  Photon Cannon  
  31  8:39  Pylon  
  31  8:42  Pylon  
  31  8:44  Pylon  
  31  8:47  Shield Battery  
  31  8:57  Stalker x3, Probe  
  38  9:09  Probe  
  39  9:21  Probe  
  40  9:33  Probe  
  41  9:46  Probe  
  41  9:49  Stalker x2  
  41  9:50  Stalker  
  48  9:58  Gateway, Probe  
  49  10:01  Gateway  
  49  10:07  Pylon  
  49  10:10  Probe  
  49  10:11  Pylon  
  49  10:13  Pylon  
  50  10:20  Shield Battery  
  50  10:22  Probe  
  51  10:32  Photon Cannon  
  51  10:34  Probe  
  52  10:47  Stalker  
  52  10:48  Stalker x2  
  58  11:03  Protoss Ground Armor Level 1 (Chrono Boost)  
  58  11:23  Nexus  
  58  11:26  Stargate  
  58  11:28  Stargate  
  58  11:34  Stalker x4  
  58  11:35  Stalker  
  68  11:40  Stargate  
  68  11:41  Stargate  
  68  11:53  Probe  
  69  11:59  Stalker x3  
  69  12:00  Stalker  
  77  12:02  Stalker  
  77  12:05  Pylon  
  77  12:06  Pylon  
  79  12:08  Pylon  
  79  12:10  Pylon  
  79  12:12  Pylon  
  79  12:16  Pylon x2  
  79  12:35  Fleet Beacon  
  79  12:38  Photon Cannon  
  79  12:42  Probe  
  80  12:46  Phoenix  
  80  12:47  Phoenix  
  80  12:48  Phoenix  
  88  12:52  Probe  
  88  12:54  Probe  
  87  13:07  Probe  
  67  13:13  Stalker x4  
  67  13:14  Stalker  
  67  13:19  Probe  
  49  13:31  Probe  
Show
View Real Time Build Order
Export as new Build Order

KuzuPirzola Protoss 

Build Orders:  

Get SALT Encoding   

  12  1:24  Probe (Chrono Boost), Nexus  
  13  1:27  Assimilator  
  13  1:34  Pylon  
  13  1:35  Probe (Chrono Boost)  
  13  1:37  Pylon  
  14  1:40  Assimilator, Probe (Chrono Boost)  
  14  1:45  Assimilator  
  15  1:52  Probe  
  16  2:04  Probe  
  16  2:07  Pylon  
  17  2:11  Pylon  
  17  2:51  Forge  
Tags
 
Add a new tag
Caveats
  • Supply blocks, unpowered buildings, or Contaminate may cause inaccurate times.
  • Supply counts are checked every 10 seconds.